 Dungeon Crawl Stone Soup version 0.26.1-11-gd32895ea62 (webtiles) character file.

Game seed: 11958386703322097647

299 nicanaca0 the Chopper (level 6, 29/51 HPs)
             Began as a Minotaur Fighter on Feb 6, 2021.
             Was a Follower of Okawaru.
             Quit the game on level 3 of the Dungeon on May 18, 2021.
             The game lasted 00:03:45 (1782 turns).

nicanaca0 the Chopper (Minotaur Fighter)            Turns: 1782, Time: 00:03:46

Health: 29/51      AC:  6    Str: 21    XL:     6   Next: 13%
Magic:  3/6        EV:  7    Int:  6    God:    Okawaru [*.....]
Gold:   106        SH:  9    Dex: 10    Spells: 5/5 levels left

rFire    . . .     SeeInvis .   a - +0 war axe
rCold    . . .     Faith    .   c - +0 kite shield
rNeg     . . .     Spirit   .   b - +0 scale mail
rPois    .         Reflect  .   (helmet restricted)
rElec    .         Harm     .   (no cloak)
rCorr    .         Rampage  .   (no gloves)
Will     .....                  (no boots)
Stlth    ..........             (no amulet)
HPRegen  0.17/turn              (no ring)
MPRegen  0.10/turn              (no ring)

@: mighty
A: retaliatory headbutt, horns 2
a: Renounce Religion, Heroism


You were on level 3 of the Dungeon.
You worshipped Okawaru.
Okawaru was aware of your devotion.
You visited 1 branch of the dungeon, and saw 3 of its levels.

You collected 106 gold pieces.

Inventory:

Hand Weapons
 a - a +0 war axe (weapon)
 k - a +0 hunting sling
Missiles
 h - 7 boomerangs (quivered)
 m - 56 stones
 t - 21 sling bullets
Armour
 b - a +0 scale mail (worn)
 c - a +0 kite shield (worn)
 g - a scarf of resistance
Jewellery
 f - an uncursed ring of positive energy {unknown}
 p - an uncursed ring of protection from fire {unknown}
Scrolls
 i - a scroll of fear {unknown}
 l - 3 scrolls of identify {unknown}
 n - a scroll of enchant armour {unknown}
 o - 2 scrolls of blinking {unknown}
 q - a scroll of immolation {unknown}
 r - 3 scrolls of remove curse {unknown}
Potions
 e - a potion of lignification {unknown}
 j - 3 potions of curing {unknown}
 s - a potion of attraction {unknown}


   Skills:
 - Level 3.6 Fighting
 * Level 7.3 Axes
 - Level 3.6 Armour
 - Level 3.6 Shields
 + Level 2.0 Invocations


You had 5 spell levels left.
You didn't know any spells.
Your spell library was empty.

Dungeon Overview and Level Annotations

Branches:
Dungeon (3/15)

Altars:
Okawaru


Innate Abilities, Weirdness & Mutations

You reflexively headbutt those who attack you in melee.
You have a pair of horns on your head.


Message History

Your Axes skill increases to level 7!
Your Invocations skill gained 2 levels and is now at level 2!
You have reached level 5!
You have reached level 6!
Your experience leads to an increase in your attributes!
Increase (S)trength, (I)ntelligence, or (D)exterity?
Welcome back, nicanaca0 the Minotaur Fighter.
Okawaru says: Bring me glory in combat!
Press ? for a list of commands and other information.
You have reached level 6!
Your experience leads to an increase in your attributes!
Increase (S)trength, (I)ntelligence, or (D)exterity?
Welcome back, nicanaca0 the Minotaur Fighter.
Okawaru says: Bring me glory in combat!
Press ? for a list of commands and other information.
You have reached level 6!
Your experience leads to an increase in your attributes!
Increase (S)trength, (I)ntelligence, or (D)exterity?
You feel agile.
Are you sure you want to abandon this character and quit the game? (Confirm with "yes".)

####......#
#.........#
+..<.รท....#
#.........#
#.........#
#.........####
+...?.........
#............#
+.....@......+
#.....[......#
####.........#
......######
.......#
.........#
.........#
.........#


There were no monsters in sight!

Vanquished Creatures
  Sigmund (D:3)
  An orc priest (D:2)
  A gnoll (D:1)
  4 adders
  An ooze (D:1)
  A worm (D:2)
  2 dart slugs
  2 leopard geckos (D:2)
  5 bats
  3 giant cockroaches
  5 goblins
  6 hobgoblins
  3 jackals (D:2)
  A frilled lizard (D:2)
  4 kobolds
  4 rats
44 creatures vanquished.

Notes
Turn   | Place    | Note
-------+----------+-------------------------------------------
     0 | D:1      | nicanaca0 the Minotaur Fighter began the quest for the Orb.
     0 | D:1      | Reached XP level 1. HP: 19/19 MP: 0/0
   268 | D:1      | Reached skill level 3 in Axes
   465 | D:1      | Reached XP level 2. HP: 15/26 MP: 1/1
   635 | D:1      | Reached skill level 4 in Axes
   803 | D:2      | Reached XP level 3. HP: 31/31 MP: 2/2
   925 | D:2      | Reached skill level 5 in Axes
  1193 | D:2      | Reached XP level 4. HP: 39/39 MP: 3/3
  1288 | D:2      | Reached skill level 6 in Axes
  1424 | D:2      | Found an iron altar of Okawaru.
  1526 | D:2      | Became a worshipper of Warmaster Okawaru
  1769 | D:3      | Noticed Sigmund
  1781 | D:3      | Killed Sigmund
  1781 | D:3      | Reached * piety under Okawaru
  1782 | D:3      | Reached skill level 7 in Axes
  1782 | D:3      | Reached XP level 5. HP: 25/45 MP: 3/5
  1782 | D:3      | Upgraded the game from 0.26.0-10-g1f06aea511 to
                  | 0.26.1-2-gb8aa6d0cf2
  1782 | D:3      | Upgraded the game from 0.26.1-2-gb8aa6d0cf2 to
                  | 0.26.1-11-gd32895ea62
  1782 | D:3      | Reached XP level 6. HP: 29/51 MP: 3/6
  1782 | D:3      | Quit the game

Illustrated notes

Levels and vault maps discovered:
D:1:      saegor_arrival_simple_e, layout_basic
D:2:      minmay_chambers_of_twos, layout_basic, lemuel_doored_altar
D:3:      cheibrodos_pilgrimage, layout_basic, grunt_temple_overflow_open,
          nicolae_dithmenos_through_a_glass_darkly, fedhas_ov_isle_minmay,
          uniq_sigmund, uniq_ijyb

Skill      XL: |  1  2  3  4 |
---------------+-------------+-----
Axes           | 3 4 5 7 |  7.3
Invocations    | 2 |  2.0
Fighting       | |  3.6
Armour         | |  3.6
Shields        | |  3.6

Action                   |  1- 3 |  4- 6 || total
-------------------------+-------+-------++-------
Melee: War axe           |    57 |    48 ||   105
       Headbutt          |    12 |     4 ||    16
  Use: Potion            |       |     1 ||     1
Armor: Scale mail        |    20 |    15 ||    35
Dodge: Dodged            |    19 |    11 ||    30
Block: Kite shield       |    30 |    27 ||    57
